Map: Prion Terraces

Players

xKawaiian - Winner!

  • Race: Terran Terran
  • League: Master

LoraX

  • Race: Terran Terran
  • League: Master

VOD

Have the link to the VOD?

Description

Time

  • Played on: Jan. 13, 2016, 4:49 p.m.
  • Length: 5:22
Show
View Real Time Build Order
Export as new Build Order

xKawaiian Terran - Winner!

Build Orders: 1/1/1, Cyclone Opening 

Get SALT Encoding   

  12  0:00  SCV  
  13  0:13  SCV  
  14  0:17  Supply Depot  
  14  0:25  SCV  
  15  0:39  SCV  
  15  0:40  Barracks  
  16  0:45  Refinery  
  16  0:51  SCV  
  16  0:52  Refinery  
  17  1:03  SCV  
  18  1:15  SCV  
  19  1:28  Marine  
  19  1:29  Orbital Command  
  20  1:33  Factory  
  20  1:43  Supply Depot  
  20  1:47  Marine  
  21  1:54  SCV  
  22  2:05  Marine  
  22  2:06  SCV  
  24  2:17  Starport  
  24  2:18  Factory Tech Lab  
  24  2:20  SCV  
  25  2:23  Marine  
  25  2:28  Supply Depot  
  26  2:33  SCV  
  27  2:40  Cyclone  
  27  2:41  Marine  
  31  2:53  SCV  
  31  2:54  Medivac  
  34  2:59  Marine  
  34  3:03  Supply Depot  
  34  3:05  SCV  
  36  3:12  Siege Tank  
  39  3:25  SCV  
  40  3:31  Marine  
  40  3:32  Liberator  
  44  3:49  Marine  
  44  3:51  SCV  
  46  3:55  Command Center  
  46  4:04  Supply Depot  
  46  4:07  Marine  
  47  4:11  Engineering Bay  
  47  4:23  Supply Depot  
  47  4:26  SCV, Siege Tank  
  51  4:32  Marine  
  52  4:49  Marine  
Show
View Real Time Build Order
Export as new Build Order

LoraX Terran 

Build Orders: 1/1/1, Banshee Rush 

Get SALT Encoding   

  12  0:00  SCV  
  13  0:13  SCV  
  14  0:17  Supply Depot  
  14  0:25  SCV  
  15  0:31  Refinery  
  15  0:38  SCV  
  16  0:45  Barracks  
  16  0:51  SCV  
  16  0:56  Refinery  
  17  1:03  SCV  
  18  1:15  SCV  
  19  1:27  SCV  
  19  1:32  Factory  
  20  1:38  Reaper  
  21  1:40  Orbital Command  
  21  1:47  Supply Depot  
  21  2:06  SCV  
  22  2:10  Reaper  
  23  2:16  Hellion  
  23  2:19  SCV, Starport  
  26  2:25  Supply Depot  
  26  2:31  SCV  
  27  2:46  SCV  
  27  2:49  Hellion, Barracks Tech Lab  
  30  2:58  SCV  
  31  3:21  Cloaking Field  
  31  3:22  Command Center, Medivac  
  31  3:23  Barracks Reactor  
  31  3:24  Barracks Tech Lab  
  31  3:25  SCV, Factory Reactor  
  34  3:38  SCV  
  33  3:46  Marauder  
  33  3:50  Supply Depot  
  33  3:59  Raven  
  35  4:05  Hellion  
  35  4:06  Hellion  
  39  4:12  SCV, Marauder  
  41  4:18  Supply Depot  
  37  4:32  Hellion  
  39  4:40  Hellion, Marauder  
  39  4:41  Supply Depot  
  43  4:46  Supply Depot  
  38  5:12  Barracks x2  
Tags
 
Add a new tag
Caveats
  • Supply blocks, unpowered buildings, or Contaminate may cause inaccurate times.
  • Supply counts are checked every 10 seconds.